 Dungeon Sprint DCSS version 0.21.1-1-g345015f (webtiles) character file.

167 wojtek the Cleaver (level 5, -11/51 HPs)
             Began as a Minotaur Berserker on Mar 11, 2018.
             Was an Elder of Trog.
             Killed from afar by a deep elf mage (29 damage)
             ... with a bolt of lightning
             ... in the Dungeon (Sprint III: "The Ten Rune Challenge").
             The game lasted 00:00:58 (430 turns).

wojtek the Cleaver (Minotaur Berserker)              Turns: 430, Time: 00:00:59

Health: -11/51     AC:  2    Str: 22    XL:     5   Next: 23%
Magic:  4/4        EV: 14    Int:  4    God:    Trog [****..]
Gold:   18         SH:  0    Dex: 10    Spells: 4/4 levels left

rFire    . . .     SeeInvis .   a - +0 hand axe
rCold    . . .     Gourm    .   (no shield)
rNeg     . . .     Faith    .   b - +0 animal skin
rPois    .         Spirit   .   (helmet restricted)
rElec    .         Reflect  .   (no cloak)
rCorr    .         Harm     .   (no gloves)
MR       .....     NoTele   +   (no boots)
Stlth    +.........             (no amulet)
HPRegen  0.17/turn              (no ring)
MPRegen  0.09/turn              (no ring)

@: no status effects
A: retaliatory headbutt, horns 2
a: Berserk, Trog's Hand, Brothers in Arms, Burn Spellbooks, Renounce Religion


You were in the Dungeon.
You worshipped Trog.
Trog was greatly pleased with you.
You were not hungry.

You visited 1 branch You collected 18 gold pieces.

Inventory:

Hand Weapons
 a - a +0 hand axe (weapon)
Missiles
 k - 8 javelins (quivered)
Armour
 b - a +0 animal skin (worn)
Wands
 l - a wand of flame (30)
Scrolls
 i - 2 scrolls of blinking
 m - 3 scrolls of immolation {unknown}
 n - a scroll of magic mapping {unknown}
 p - a scroll of identify {unknown}
 q - 2 scrolls of remove curse
Potions
 d - a potion of curing
 e - a potion of heal wounds
 f - a potion of haste
 g - 2 potions of magic
 h - a potion of berserk rage
 o - 2 potions of flight {unknown}
 r - 5 potions of mutation
Books
 t - a book of Party Tricks

   Spells                             Type                      Level
   a - Summon Butterflies             Summoning                    1
   b - Apportation                    Translocation                1
   c - Lesser Beckoning               Translocation                3
   d - Tukima's Dance                 Hexes                        3
   e - Alistair's Intoxication        Transmutation/Poison         5
   f - Invisibility                   Hexes                        6
   Trog disapproves of the use of such an item.
Comestibles
 c - 3 rations


   Skills:
 + Level 6.7 Fighting
 * Level 8.9 Axes
 + Level 6.1 Armour
 + Level 5.6 Dodging


You had 4 spell levels left.
You didn't know any spells.

Dungeon Overview and Level Annotations

Branches:
Dungeon (1/1)

Altars:
Elyvilon
Kikubaaqudgha
Sif Muna
Vehumet
Zin
The Shining One


Innate Abilities, Weirdness & Mutations

You reflexively headbutt those who attack you in melee.
You have a pair of horns on your head.


Message History

The deep elf mage hits you with a long sword of holy wrath.
You are too injured to fight recklessly!
You are too injured to fight recklessly!
You completely miss the deep elf mage. Your headbutt misses the deep elf mage.
The deep elf mage is lightly wounded.
The deep elf mage is engulfed in blazing flames.
The deep elf mage hits you with a long sword of holy wrath.
You hit the deep elf mage.
The deep elf mage is moderately wounded.
The deep elf mage is engulfed in blazing flames.
The deep elf mage gestures wildly while chanting.
The deep elf mage blinks!
The deep elf mage mumbles some strange words.
The deep elf mage blinks!
You closely miss the deep elf mage.
The deep elf mage is severely wounded.
The deep elf mage gestures at you while chanting.
The bolt of lightning hits you!
Ouch! That really hurt!
You die...

▓▓▓▓ ▓▓▓ [..####
##.#####
......#####..#___#
....)..#..#..#...#
#.##...#..#..###§#+###+#
#.###..##'#..#.e@.......
##.##..###...'.⌠....§...
..##..####...#...######+
..##..###....#.⌠.#
.##...##.....#...#
##....#......#'###
##..##.#.....#)).#
#..#####....#___# ▓▓▓▓
▓▓▓▓▓▓▓▓▓▓


You could see a deep elf mage.

Vanquished Creatures
  A water elemental (D)
  A wizard (D)
  Jessica (D)
  A kobold demonologist (D)
  A human (D)
  A wolf (D)
  An ooze (D)
  2 rats (D)
9 creatures vanquished.

Vanquished Creatures (others)
  2 draconian scorchers (D)
  A yaktaur (D)
  6 hellions (D)
  3 plants (D)
12 creatures vanquished.

Grand Total: 21 creatures vanquished

Notes
Turn   | Place    | Note
-------+----------+-------------------------------------------
     0 | D        | wojtek the Minotaur Berserker began the quest for the Orb.
     0 | D        | Reached XP level 1. HP: 19/19 MP: 0/0
    11 | D        | Reached skill level 4 in Axes
    28 | D        | Noticed Jessica
    31 | D        | Killed Jessica
    31 | D        | Reached ** piety under Trog
    31 | D        | Reached skill level 5 in Axes
    31 | D        | Reached XP level 2. HP: 27/28 MP: 1/1
    31 | D        | Reached XP level 3. HP: 34/35 MP: 2/2
    54 | D        | Reached skill level 5 in Fighting
    54 | D        | Reached skill level 6 in Axes
    55 | D        | Reached *** piety under Trog
    76 | D        | Killed a hellion
    96 | D        | Noticed a water elemental
   100 | D        | Killed a water elemental
   100 | D        | Reached skill level 8 in Axes
   100 | D        | Reached skill level 5 in Armour
   100 | D        | Reached skill level 5 in Dodging
   100 | D        | Reached XP level 4. HP: 44/44 MP: 3/3
   102 | D        | Killed a hellion
   126 | D        | Killed a white draconian scorcher
   127 | D        | Killed a white draconian scorcher
   129 | D        | Killed a hellion
   140 | D        | Found a radiant altar of Vehumet.
   141 | D        | Found a deep blue altar of Sif Muna.
   141 | D        | Found an ancient bone altar of Kikubaaqudgha.
   141 | D        | Noticed a wizard
   144 | D        | Killed a wizard
   144 | D        | Reached XP level 5. HP: 49/51 MP: 4/4
   145 | D        | Noticed a sun demon
   145 | D        | HP: 2/51 [sun demon[a kobold demonologist] (19)]
   149 | D        | Reached **** piety under Trog
   182 | D        | Killed a yaktaur
   184 | D        | Killed a hellion
   188 | D        | Killed a hellion
   383 | D        | Killed a hellion
   415 | D        | Found a glowing silver altar of Zin.
   416 | D        | Found a glowing golden altar of the Shining One.
   416 | D        | Found a white marble altar of Elyvilon.
   416 | D        | Noticed a deep elf mage
   430 | D        | Killed from afar by a deep elf mage

Skill      XL: |  1  2  3  4  5 |
---------------+----------------+-----
Fighting       | 4 6 |  6.7
Axes           | 5 8 |  8.9
Armour         | 4 5 6 |  6.1
Dodging        | 3 5 |  5.6

Action                   |  1- 3 |  4- 6 || total
-------------------------+-------+-------++-------
Melee: Hand axe          |    11 |    10 ||    21
       Headbutt          |     3 |     1 ||     4
Invok: Berserk           |     2 |     1 ||     3
       Burn Spellbooks   |       |     1 ||     1
 Stab: Sleeping          |     1 |       ||     1
  Eat: Chunk             |       |     1 ||     1
Armor: Animal skin       |     1 |       ||     1
Dodge: Dodged            |     6 |     4 ||    10
